 Dungeon Crawl Stone Soup version 0.17.1-1-g73c8601 (webtiles) character file.

45 Glider the Insei (level 3, -2/23 HPs)
             Began as an Octopode Transmuter on Dec 29, 2015.
             Slain by a gnoll
             ... wielding a +0 spear
              (8 damage)
             ... on level 2 of the Dungeon.
             The game lasted 00:02:31 (1016 turns).

Glider the Insei (Octopode Transmuter)              Turns: 1016, Time: 00:02:31

Health: -2/23      AC:  5    Str:  7    XL:     3   Next: 64%
Magic:  6/6        EV: 12    Int: 15    God:
Gold:   55         SH:  0    Dex: 13    Spells: 1 memorised, 5 levels left

rFire  . . .     SeeInvis .     k - +1 whip (venom)
rCold  . . .     Clarity  .     (no shield)
rNeg   . . .     SustAt   .     (helmet restricted)
rPois  .         Gourm    .     (no amulet)
rElec  .         Spirit   .     d - -2 ring of strength (curse)
rCorr  .         Warding  .     e - ring of protection from magic
rMut   .         Stasis   .     i - +4 ring of protection
MR     +....                    (no ring)
Stlth  ++........               (no ring)
                                (no ring)
                                (no ring)
                                (no ring)

@: somewhat resistant to hostile enchantments, unstealthy
A: almost no armour, amphibious, 8 rings, constrict 8, camouflage 1, gelatinous
body 1
a: no special abilities


You were on level 2 of the Dungeon.
You were not hungry.

You visited 1 branch of the dungeon, and saw 2 of its levels.

You collected 55 gold pieces.

Inventory:

Hand Weapons
 k - a +1 whip of venom (weapon)
Missiles
 a - 12 arrows
Jewellery
 d - a cursed -2 ring of strength (left tentacle)
 e - a ring of protection from magic (right tentacle)
 i - a +4 ring of protection (on tentacle)
Scrolls
 h - a scroll of identify
 m - a scroll of magic mapping {unknown}
Potions
 j - a potion of heal wounds {unknown}
 l - a potion of magic {unknown}
Books
 b - a book of Changes

   Spells                             Type                      Level
   a - Beastly Appendage              Transmutation                1
   b - Sticks to Snakes               Transmutation                2
   c - Spider Form                    Transmutation/Poison         3
   d - Ice Form                       Ice/Transmutation            4
   e - Blade Hands                    Transmutation                5
Comestibles
 c - 2 bread rations
 f - 2 chunks of flesh
 g - 2 meat rations


   Skills:
 - Level 1.0 Fighting
 - Level 2.0 Dodging
 * Level 4.5 Unarmed Combat
 - Level 2.0 Spellcasting
 - Level 2.0 Transmutations


You had 5 spell levels left.
You knew the following spells:

 Your Spells              Type           Power        Failure   Level  Hunger
a - Beastly Appendage     Trmt           #.....       12%         1    #......


Dungeon Overview and Level Annotations

Branches:
Dungeon (2/15)

Altars:


Innate Abilities, Weirdness & Mutations

You cannot wear most types of armour.
You are amphibious.
You can wear up to eight rings at the same time.
You can use your tentacles to constrict eight enemies at once.
Your skin changes colour to match your surroundings (Stealth).
Your rubbery body absorbs attacks (AC +1).


Message History

You hit the gnoll.
The gnoll is poisoned.
You grab the gnoll. You squeeze the gnoll.
The gnoll is moderately wounded.
You constrict the gnoll. The gnoll hits you with a whip.
You hit the gnoll.
The gnoll looks even sicker.
The gnoll is heavily wounded.
You constrict the gnoll, but do no damage.
The gnoll hits you with a whip!
You hit the gnoll. You squeeze the gnoll.
You kill the gnoll!
The bat closely misses you. The ooze hits you.
* * * LOW HITPOINT WARNING * * *
The bat hits you but does no damage. The ooze closely misses you.
You are too injured to fight recklessly!
You are too injured to fight recklessly!
You completely miss the ooze. You squeeze the ooze.
The ooze is lightly wounded.
The bat closely misses you.
The gnoll hits you from afar with a spear!
You die...

.g ... ....
#..## #....g###
...##...#######
#....bgJ......#
#....<@.....#
##..........#
#..........#
############


You could see 2 gnolls, an ooze and a bat.

Vanquished Creatures
  2 gnolls (D:2)
  An ooze (D:1)
  A giant gecko (D:1)
  A giant cockroach (D:1)
  2 goblins (D:1)
  2 hobgoblins (D:1)
  3 kobolds (D:1)
  6 bats
  2 giant newts (D:1)
  2 rats (D:1)
22 creatures vanquished.

Notes
Turn   | Place    | Note
--------------------------------------------------------------
     0 | D:1      | Glider the Octopode Transmuter began the quest for the Orb.
     0 | D:1      | Reached XP level 1. HP: 13/13 MP: 3/3
   319 | D:1      | Reached XP level 2. HP: 16/18 MP: 5/5
   603 | D:1      | Reached skill level 4 in Unarmed Combat
   953 | D:1      | Reached XP level 3. HP: 23/23 MP: 6/6
  1016 | D:2      | Slain by a gnoll

Action                   || total
-------------------------++-------
Melee: Unarmed           ||    26
       Whip              ||    24
  Use: Scroll            ||     3
 Stab: Sleeping          ||     1
